 Dungeon Crawl Stone Soup version 0.26-a0-667-g92642533e4 (webtiles) character file.

Game seed: 10286418036135800387

172 Notrik the Skirmisher (level 5, -1/75 HPs)
             Began as a Hill Orc Berserker on Oct 15, 2020.
             Was a Believer of Trog.
             Slain by a gnoll
             ... wielding a +0 spear
              (5 damage)
             ... on level 4 of the Dungeon.
             The game lasted 00:04:43 (3012 turns).

Notrik the Skirmisher (Hill Orc Berserker)          Turns: 3012, Time: 00:04:43

Health: -1/75      AC:  3    Str: 21    XL:     5   Next: 53%
Magic:  5/5        EV: 15    Int:  7    God:    Trog [**....]
Gold:   167        SH:  0    Dex: 10    Spells: 4/4 levels left

rFire    . . .     SeeInvis .   a - +1 hand axe
rCold    . . .     Faith    .   (no shield)
rNeg     . . .     Spirit   .   o - +0 leather armour
rPois    +         Reflect  .   (no helmet)
rElec    .         Harm     .   (no cloak)
rCorr    .         Rampage  .   (no gloves)
MR       .....                  (no boots)
Stlth    ..........             e - amulet of magic regeneration
HPRegen  0.22/turn              j - +4 ring of evasion
MPRegen  0.34/turn              b - ring of poison resistance

@: berserking, glowing, very quick
A: no striking features
a: Berserk, Trog's Hand, Renounce Religion


You were on level 4 of the Dungeon.
You worshipped Trog.
Trog was pleased with you.
You visited 1 branch of the dungeon, and saw 4 of its levels.

You collected 167 gold pieces.

Inventory:

Hand Weapons
 a - a +1 hand axe (weapon)
Armour
 o - a +0 leather armour (worn)
   (You found it on level 1 of the Dungeon)
Jewellery
 b - a ring of poison resistance (right hand)
   (You found it on level 2 of the Dungeon)
 e - an amulet of magic regeneration (around neck)
   (You found it on level 2 of the Dungeon)
 j - a +4 ring of evasion (left hand)
   (You found it on level 1 of the Dungeon)
 q - an uncursed ring of fire {unknown}
   (You found it on level 3 of the Dungeon)
Scrolls
 c - 3 scrolls of teleportation {unknown}
 f - 3 scrolls of noise {unknown}
 i - 2 scrolls of enchant armour {unknown}
 l - 2 scrolls of remove curse {@r2}
 n - 2 scrolls of blinking
 p - 6 scrolls of identify {@r1}
 r - a scroll of magic mapping {unknown}
 t - a scroll of fear {unknown}
 v - a scroll of immolation {unknown}
 w - a scroll of fog {unknown}
 x - 2 scrolls of enchant weapon
Potions
 d - 3 potions of haste {@q3}
 g - 2 potions of curing {@q1}
 h - 2 potions of heal wounds {unknown}
 k - 2 potions of brilliance {unknown}
 m - a potion of degeneration {unknown}
 s - 4 potions of lignification {unknown}
 u - a potion of stabbing {unknown}
 z - a potion of might {unknown}
 A - a potion of ambrosia {unknown}


   Skills:
 * Level 5.8 Fighting
 + Level 5.2 Axes
 + Level 3.5 Armour
 - Level 1.5 Dodging


You had 4 spell levels left.
You didn't know any spells.
Your spell library was empty.

Dungeon Overview and Level Annotations

Branches:
Dungeon (4/15)
 Temple: D:4-7

Altars:
Dithmenos
Elyvilon
Hepliaklqana
Kikubaaqudgha
Makhleb
Qazlal
Ru
Vehumet


Message History

The orc hits you with a +0 mace. The orc closely misses you.
You slash the orc!
You kill the orc!
Trog accepts your kill.
You barely miss the orc. You hit the gnoll.
You kill the gnoll!
Trog accepts your kill.
You hit the gnoll.
The gnoll hits you from afar with a +0 spear!
The gnoll closely misses you. The gnoll misses you.
The orc hits you with a +0 mace!
You hit the gnoll. x2; You hit the orc.
You hit the gnoll shaman but do no damage.
The gnoll shaman misses you. The gnoll hits you. The gnoll closely misses you.
The gnoll hits you but does no damage. The gnoll barely misses you.
You closely miss the gnoll.
You hit the gnoll shaman but do no damage.
You hit the orc. You slash the gnoll! The orc misses you. The gnoll misses you.
The gnoll shaman calls down the wrath of its god upon you.
You are outlined in light.
The gnoll hits you from afar with a +0 spear.
* * * LOW HITPOINT WARNING * * *
The gnoll closely misses you.
The gnoll hits you from afar with a +0 halberd!
* * * LOW HITPOINT WARNING * * *
A red film seems to cover your vision as you go berserk!
You feel yourself moving faster!
You feel mighty! The orc hits you with a +0 mace.
* * * LOW HITPOINT WARNING * * *
The gnoll misses you.
The gnoll shaman hits you with a +0 whip.
* * * LOW HITPOINT WARNING * * *
The gnoll barely misses you. The gnoll hits you.
* * * LOW HITPOINT WARNING * * *
You hit the gnoll shaman. You slash the orc!
You kill the orc!
Trog accepts your kill.
You closely miss the gnoll. You slash the gnoll!
You kill the gnoll!
Trog accepts your kill. The gnoll misses you.
The gnoll shaman closely misses you. The gnoll misses you.
The gnoll hits you from afar with a +0 spear.
* * * LOW HITPOINT WARNING * * *
You slash the gnoll shaman! You hit the gnoll.
You kill the gnoll!
Trog accepts your kill. The gnoll shaman closely misses you.
The gnoll closely misses you.
The gnoll hits you from afar with a +0 spear.
You die...

#..#...........# ..
#..#####............
#.........######...#
#.##.....#######.#.#
#...........<......
..##.#.........# .
#.#.....$...#.#.
#.#.............
..<....)@)..#...
###...g†g)..#
#...g..[..#
#......>....
#..........#..
#.............
..........###..
..........# ##


You could see a gnoll shaman and 2 gnolls.

Vanquished Creatures
  A hound (D:4)
  Terence (D:2)
  3 gnolls (D:4)
  An adder (D:3)
  4 dart slugs
  A leopard gecko (D:3)
  4 orcs
  5 bats
  14 giant cockroaches
  9 hobgoblins
  A quokka (D:2)
  A ball python (D:2)
  8 frilled lizards
  2 goblins (D:1)
  4 kobolds
  10 rats
69 creatures vanquished.

Notes
Turn   | Place    | Note
-------+----------+-------------------------------------------
     0 | D:1      | Notrik the Hill Orc Berserker began the quest for the Orb.
     0 | D:1      | Reached XP level 1. HP: 19/19 MP: 1/1
   151 | D:1      | Reached XP level 2. HP: 27/27 MP: 2/2
   823 | D:2      | Reached XP level 3. HP: 34/34 MP: 3/3
   850 | D:2      | Reached ** piety under Trog
   981 | D:2      | Found an ancient bone altar of Kikubaaqudgha.
  1126 | D:2      | Noticed Terence
  1141 | D:2      | Killed Terence
  1141 | D:2      | Reached skill level 5 in Fighting
  1141 | D:2      | Reached XP level 4. HP: 11/42 MP: 4/4
  1464 | D:2      | Found a white marble altar of Elyvilon.
  1465 | D:2      | Found a radiant altar of Vehumet.
  1540 | D:2      | Found a burning altar of Makhleb.
  1701 | D:2      | Found a hazy altar of Hepliaklqana.
  2155 | D:3      | Found a stormy altar of Qazlal.
  2442 | D:3      | Found a sacrificial altar of Ru.
  2828 | D:3      | Found a shadowy altar of Dithmenos.
  2897 | D:4      | Reached skill level 5 in Axes
  2897 | D:4      | Reached XP level 5. HP: 42/48 MP: 5/5
  3012 | D:4      | Slain by a gnoll

Illustrated notes

Levels and vault maps discovered:
D:1:      lightli_arrival_boilingwater, layout_basic
D:2:      minmay_roachtagon, layout_basic, marbit_many_paths,
          lemuel_coloured_pillars_altar,
          chequers_temple_overflow_statue_of_worship, lemuel_doored_altar,
          minmay_split_cup_small, uniq_terence
D:3:      layout_loops_corners, nicolae_qazlal_general_emergency,
          lemuel_round_altar, nicolae_ru_path_of_blood
D:4:      layout_rooms

Skill      XL: |  1  2  3  4 |
---------------+-------------+-----
Fighting       | 4 5 |  5.8
Armour         | 3 |  3.5
Axes           | 5 |  5.2
Dodging        | |  1.5

Action                   |  1- 3 |  4- 6 || total
-------------------------+-------+-------++-------
Melee: Hand axe          |    94 |    78 ||   172
Invok: Berserk           |     1 |     1 ||     2
  Use: Scroll            |       |     4 ||     4
Armor: Animal skin       |    10 |       ||    10
       Leather armour    |    22 |    18 ||    40
Dodge: Dodged            |    68 |    73 ||   141

Table legend: (Time is in decaauts)
 A = Elapsed time spent in this place.
 B = Non-inter-level travel time spent in this place.
 C = Inter-level travel time spent in this place.
 D = Time resting spent in this place.
 E = Time spent auto-exploring this place.
 F = Levels seen in this place.
 G = Mean time per level.
                   A        B        C        D        E       F      G
               +--------+--------+--------+--------+--------+-----+--------+
         Total |   3034 |   2857 |    177 |    242 |   2192 |   4 |  758.5 |
       Dungeon |   3034 |   2857 |    177 |    242 |   2192 |   4 |  758.5 |
               +--------+--------+--------+--------+--------+-----+--------+

Top non-repeatable levels by time:
     D:2: 1130 daAuts
     D:3: 944 daAuts
     D:1: 820 daAuts
     D:4: 139 daAuts
